 Dungeon Crawl Stone Soup version 0.30-a0-726-gd89dcf765f (webtiles) character file.

Game seed: 14001794483372787076

233 hikkokomori the Ducker (level 6, -3/47 HPs)
             Began as a Human Gladiator on Jan 30, 2023.
             Slain by an orc
             ... wielding a +1 vampiric whip
              (7 damage)
             ... on level 3 of the Dungeon.
             The game lasted 00:02:18 (2264 turns).

hikkokomori the Ducker (Human Gladiator)            Turns: 2264, Time: 00:02:19

Health: -3/47      AC:  4    Str: 14    XL:     6   Next: 25%
Magic:  6/6        EV: 13    Int:  8    God:
Gold:   198        SH:  0    Dex: 17    Spells: 5/5 levels left

rFire   . . .      SeeInvis .    k - +1 dagger (protect)
rCold   . . .      Faith    .    (no shield)
rNeg    . . .      Spirit   .    b - +0 leather armour
rPois   .          Reflect  .    c - +0 helmet
rElec   .          Harm     .    (no cloak)
rCorr   .          Rampage  .    (no gloves)
Will    .....                    (no boots)
Stlth   ++                       (no amulet)
HPRegen 0.27/turn                (no ring)
MPRegen 0.10/turn                (no ring)

@: no status effects
A: no striking features
a: no special abilities


You were on level 3 of the Dungeon.
You visited 1 branch of the dungeon, and saw 3 of its levels.

You collected 198 gold pieces.

Inventory:

Hand Weapons
 a - a +0 long sword
 k - a +1 dagger of protection (weapon)
Missiles
 d - 2 throwing nets (quivered)
 e - a javelin
Armour
 b - a +0 leather armour (worn)
 c - a +0 helmet (worn)
Scrolls
 h - 4 scrolls of identify {unknown}
 i - a scroll of torment {unknown}
 m - a scroll of brand weapon {unknown}
 n - a scroll of magic mapping {unknown}
 o - a scroll of fog {unknown}
 p - a scroll of amnesia {unknown}
Potions
 f - a potion of might {unknown}
 g - a potion of magic {unknown}
 j - a potion of curing
 l - 2 potions of attraction {unknown}


   Skills:
 + Level 3.5 Fighting
 + Level 2.0(3.0) Short Blades
 - Level 3.3(3.7) Long Blades
 - Level 2.0 Throwing
 + Level 4.1 Dodging
 + Level 2.8 Stealth


You had 5 spell levels left.
You didn't know any spells.
Your spell library was empty.

Dungeon Overview and Level Annotations

Branches:
Dungeon (3/15)

Altars:

Shops:
D:3 !


Message History

The orc priest calls upon Beogh to heal the orc.
The orc's wounds heal themselves!
The endoplasm misses you. The orc hits you but does no damage.
The adder bites you but does no damage.
You closely miss the adder. The bat completely misses you.
The adder closely misses you. The endoplasm misses you.
The goblin closely misses you. The adder bites you but does no damage.
You closely miss the adder. The adder bites you but does no damage.
The bat barely misses you. The adder barely misses you.
The endoplasm freezes you.
You are frozen.
The orc priest barely misses you. The hobgoblin closely misses you.
The goblin barely misses you. The adder barely misses you.
You barely miss the orc wizard. The bat completely misses you.
The adder bites you but does no damage. The adder misses you.
The hobgoblin closely misses you.
The endoplasm hits you but does no damage.
The orc closely misses you. The orc priest misses you.
The orc closely misses you. The goblin hits you with a +0 dagger.
You barely miss the orc wizard. The bat hits you but does no damage.
The bat misses you. The adder bites you but does no damage.
The adder misses you. The endoplasm freezes you.
You are frozen.
The orc wizard hits you but does no damage.
The orc priest closely misses you. The orc hits you but does no damage.
The hobgoblin hits you but does no damage.
The orc barely misses you. The goblin hits you with a +0 dagger.
You closely miss the orc wizard. The bat hits you but does no damage.
The adder closely misses you. The adder barely misses you.
You miss the orc wizard. The adder misses you.
The bat hits you but does no damage. The endoplasm freezes you.
You are frozen.
The hobgoblin barely misses you.
The orc hits you from afar with a +0 trident.
The orc priest invokes the aid of Beogh against you.
Beogh smites you!
* * * LOW HITPOINT WARNING * * *
The goblin hits you but does no damage.
The orc hits you with a +1 vampiric whip!
You die...

....####.# #.
#.#......####. #.#
###..>.... #####
#.###.....###.
.....######.#...##..###.
.?.(.......)..####..##..
.......)....### ##...#..
......gSo....## #.......
.....oS@b.∩...# #.#..##.
......ogJ.....# #.#...#.
####.o.o........#.##....
#..........#.........
...w........#...####..
.............. ## #..
..............# #..
..............# #.. ##.


You could see a worm, an orc priest, an orc wizard, 2 adders, 3 orcs, an
endoplasm, a hobgoblin, a goblin and a bat.

Vanquished Creatures
  Sigmund (D:2)
  2 adders
  2 worms (D:2)
  2 dart slugs
  An orc (D:3)
  6 ball pythons (D:1)
  An endoplasm (D:1)
  A giant cockroach (D:1)
  6 goblins
  3 hobgoblins (D:2)
  3 jackals (D:1)
  3 quokkas
  9 bats
  3 frilled lizards (D:1)
  6 kobolds
  5 rats
54 creatures vanquished.

Notes
Turn   | Place    | Note
-------+----------+-------------------------------------------
     0 | D:1      | hikkokomori the Human Gladiator began the quest for the
                  | Orb.
     0 | D:1      | Reached XP level 1. HP: 16/16 MP: 1/1
    76 | D:1      | Found a faded altar of an unknown god.
    86 | D:1      | Reached XP level 2. HP: 22/22 MP: 2/2
   329 | D:1      | Reached skill level 1 in Stealth
   390 | D:1      | Reached XP level 3. HP: 28/28 MP: 3/3
  1290 | D:2      | Reached XP level 4. HP: 34/34 MP: 4/4
  1620 | D:2      | Noticed Sigmund
  1676 | D:2      | Killed Sigmund
  1677 | D:2      | Reached skill level 1 in Short Blades
  1677 | D:2      | Reached skill level 4 in Dodging
  1677 | D:2      | Reached XP level 5. HP: 6/41 MP: 5/5
  1677 | D:2      | Reached XP level 6. HP: 7/47 MP: 6/6
  2240 | D:3      | Found Hoerch's Distillery.
  2264 | D:3      | Slain by an orc

Illustrated notes

Levels and vault maps discovered:
D:1:      eino_arrival_tree_alley, layout_basic,
          nicolae_ecumenical_snake_handling
D:2:      layout_loops_ring, palyth_stone_intersect, kennysheep_generic_room_4,
          uniq_sigmund
D:3:      layout_rooms, xom_confusion_cloud, serial_shops, shop, uniq_grinder

Skill      XL: |  1  2  3  4  5  6 |
---------------+-------------------+-----
Stealth        | 1 2 |  2.8
Fighting       | 3 |  3.5
Short Blades   | 1 2 |  2.0
Dodging        | 4 |  4.1
Long Blades    | |  3.3
Throwing       | |  2.0

Action                     |  1- 3 |  4- 6 || total
---------------------------+-------+-------++-------
  Melee: Long sword        |    94 |       ||    94
         Punch             |     2 |     2 ||     4
         Dagger            |    27 |   102 ||   129
  Throw: Throwing net      |       |     1 ||     1
    Use: Potion            |       |     2 ||     2
   Stab: Distracted        |     1 |       ||     1
         Sleeping          |     4 |     5 ||     9
 Armour: Leather armour    |    47 |    45 ||    92
  Dodge: Dodged            |    89 |    68 ||   157

Table legend: (Time is in decaauts)
 A = Elapsed time spent in this place.
 B = Non-inter-level travel time spent in this place.
 C = Inter-level travel time spent in this place.
 D = Time resting spent in this place.
 E = Time spent auto-exploring this place.
 F = Levels seen in this place.
 G = Mean time per level.
                   A        B        C        D        E       F      G
               +--------+--------+--------+--------+--------+-----+--------+
         Total |   2269 |   2167 |    102 |      0 |   1744 |   3 |  756.3 |
       Dungeon |   2269 |   2167 |    102 |      0 |   1744 |   3 |  756.3 |
               +--------+--------+--------+--------+--------+-----+--------+

Top non-repeatable levels by time:
     D:1: 1107 daAuts
     D:2: 1064 daAuts
     D:3: 97 daAuts
